 Dungeon Crawl Stone Soup version 0.29.1-1-gd02db6906a (webtiles) character file.

Game seed: 7970352611883756242

184 Emmi the Trooper (level 5, -13/52 HPs)
             Began as a Naga Fighter on Oct 16, 2022.
             Killed by divine providence
             ... invoked by an orc priest
              (17 damage)
             ... on level 3 of the Dungeon.
             The game lasted 00:04:00 (2669 turns).

Emmi the Trooper (Naga Fighter)                     Turns: 2669, Time: 00:04:01

Health: -13/52     AC:  5    Str: 21    XL:     5   Next: 64%
Magic:  5/5        EV:  7    Int:  8    God:
Gold:   99         SH:  4    Dex: 10    Spells: 4/4 levels left

rFire   . . .      SeeInvis +   e - +2 whip (elec)
rCold   . . .      Faith    .   c - +0 buckler
rNeg    . . .      Spirit   .   b - +0 scale mail
rPois   +          Reflect  .   (no helmet)
rElec   .          Harm     .   (no cloak)
rCorr   .          Rampage  .   (no gloves)
Will    .....                   (no barding)
Stlth   ..........              (no amulet)
HPRegen 0.17/turn               (no ring)
MPRegen 0.09/turn               (no ring)

@: short of breath, very slow
A: AC +1, large, see invisible, deformed body, poison resistance, slowness 2,
spit poison 1, naga tail 1
a: Spit Poison


You were on level 3 of the Dungeon.
You visited 1 branch of the dungeon, and saw 3 of its levels.

You collected 99 gold pieces.

Inventory:

Hand Weapons
 a - a +0 trident
 e - a +2 whip of electrocution (weapon)
Missiles
 o - 6 boomerangs of dispersal
 q - 9 poisoned darts
Armour
 b - a +0 scale mail (worn)
 c - a +0 buckler (worn)
Wands
 p - a wand of charming (9)
Scrolls
 f - 4 scrolls of identify {unknown}
 i - 3 scrolls of teleportation {unknown}
 k - 2 scrolls of enchant armour {unknown}
 l - 3 scrolls of fear {unknown}
 r - a scroll of summoning {unknown}
Potions
 d - a potion of might
 g - a potion of flight {unknown}
 h - a potion of magic {unknown}
 j - 2 potions of resistance
 m - 6 potions of curing {unknown}
 n - a potion of attraction {unknown}
 s - a potion of brilliance {unknown}


   Skills:
 - Level 5.0 Fighting
 + Level 3.3 Maces & Flails
 - Level 2.0 Polearms
 - Level 2.4 Armour
 - Level 2.6 Shields


You had 4 spell levels left.
You didn't know any spells.
Your spell library contained the following spells:

 Spells                   Type           Power      Damage    Failure   Level
 Poisonous Vapours        Pois/Air       0%         N/A       92%         2
 Gell's Gravitas          Tloc           0%         N/A       99%         3
 Lesser Beckoning         Tloc           0%         N/A       99%         3
 Teleport Other           Tloc           0%         N/A       99%         3
 Anguish                  Hex/Necr       0%         N/A       100%        4
 Corpse Rot               Necr/Pois/Air  0%         N/A       100%        4
 Enfeeble                 Hex            0%         N/A       100%        7


Dungeon Overview and Level Annotations

Branches:
Dungeon (3/15)

Altars:
Kikubaaqudgha


Innate Abilities, Weirdness & Mutations

Your serpentine skin is tough. (AC +1)
You have supernaturally acute eyesight. (SInv)
Armour fits poorly on your strangely shaped body.
Your system is resistant to poisons. (rPois)
You cover ground very slowly.
You can spit poison.
You have a snake-like lower body.


Message History

Beogh smites you!
Things that are here:
a +0 mace; a +0 flail; an orc corpse You closely miss the orc priest.
The orc priest is moderately wounded.
You have got your breath back.
The orc priest hits you with a +0 trident!
You hit the orc priest.
The orc priest is moderately wounded.
The orc priest hits you with a +0 trident.
You barely miss the orc priest.
The orc priest is moderately wounded.
The orc priest calls down the wrath of Beogh upon you.
Pain shoots through your body!
* * * LOW HITPOINT WARNING * * *
You hit the orc priest.
The orc priest is severely wounded.
The orc priest hits you with a +0 trident.
* * * LOW HITPOINT WARNING * * *
You hit the orc priest.
The orc priest is almost dead.
The orc priest hits you with a +0 trident.
* * * LOW HITPOINT WARNING * * *
You barely miss the orc priest.
The orc priest is almost dead.
The orc priest closely misses you.
You closely miss the orc priest.
The orc priest is almost dead.
The orc priest hits you with a +0 trident.
* * * LOW HITPOINT WARNING * * *
You are too injured to fight recklessly!
Aiming: Spit Poison (1% risk of failure)
Press: ? - help, Shift-Dir - straight line, f/p - orc priest
Aim: an orc priest, wielding a +0 trident (almost dead, unusually resistant, 59% to hit)
The splash of poison hits the orc priest.
The orc priest completely resists.
The orc priest is almost dead.
The orc priest invokes the aid of Beogh against you.
Beogh smites you!
You die...

.....# ##..(....# .....#
##........# ..#..#
#.........#
#..#.##########.).......#
.................).#....#
...#.####....##...##....#
#..#.# #........##.....#
#..........###...##.o##...#
##...#...... #.#@##.#####.#
###......##....#.oS...# ...
###...#..
#..####..#.........
........# #..#
...#........o. ....##.
.............o. .......
.#####.......... ....... ..
...).. #...... .. .....
....... .. #.#


You could see an orc priest (resistant) and a ball python.

Vanquished Creatures
  Jessica (D:3)
  An orc wizard (D:3)
  Robin (D:3)
  7 adders
  A dart slug (D:3)
  2 orcs (D:3)
  4 ball pythons
  5 endoplasms
  A giant cockroach (D:1)
  6 hobgoblins
  8 jackals
  A quokka (D:1)
  3 bats (D:2)
  10 goblins
  3 kobolds
  A rat (D:2)
55 creatures vanquished.

Notes
Turn   | Place    | Note
-------+----------+-------------------------------------------
     0 | D:1      | Emmi the Naga Fighter began the quest for the Orb.
     0 | D:1      | Reached XP level 1. HP: 21/21 MP: 1/1
   199 | D:1      | Reached XP level 2. HP: 22/28 MP: 2/2
  1163 | D:2      | Reached skill level 4 in Fighting
  1163 | D:2      | Reached XP level 3. HP: 35/36 MP: 3/3
  1398 | D:2      | Found an ancient bone altar of Kikubaaqudgha.
  1463 | D:2      | Reached XP level 4. HP: 45/45 MP: 4/4
  1942 | D:2      | Reached skill level 5 in Fighting
  1955 | D:2      | Reached skill level 1 in Maces & Flails
  2307 | D:3      | Reached XP level 5. HP: 26/52 MP: 5/5
  2311 | D:3      | Noticed Robin
  2319 | D:3      | Killed Robin
  2558 | D:3      | Noticed Jessica
  2563 | D:3      | Killed Jessica
  2669 | D:3      | Killed from afar by an orc priest

Illustrated notes

Levels and vault maps discovered:
D:1:      noname_arrival_rooms_in_the_neighbourhood, layout_basic, nrook_uturn
D:2:      layout_rooms, basic_altar, moated_statue, serial_bayou_pond_d
D:3:      layout_rooms, mainiacjoe_overflow_divided_tiny,
          ebering_ecumenical_altar_sacrificial, uniq_robin, uniq_jessica

Skill      XL: |  1  2  3  4  5 |
---------------+----------------+-----
Fighting       | 4 5 |  5.0
Maces & Flails | 2 3 |  3.3
Polearms       | |  2.0
Armour         | |  2.4
Shields        | |  2.6

Action                   |  1- 3 |  4- 6 || total
-------------------------+-------+-------++-------
Melee: Whip              |    67 |    84 ||   151
       Trident           |     2 |       ||     2
 Abil: Spit Poison       |     6 |     4 ||    10
Armor: Scale mail        |    23 |    57 ||    80
Dodge: Dodged            |    26 |    23 ||    49
Block: Buckler           |     8 |    17 ||    25
